 Dungeon Crawl Stone Soup version 0.30-a0-54-g2e61a25929 (webtiles) character file.

Game seed: 11907828607180113877

240 Newt the Trooper (level 5, 0/42 HPs)
             Began as a Demonspawn Gladiator on Sept 8, 2022.
             Slain by a gnoll bouda
             ... wielding a +0 dagger of venom
              (7 damage)
             ... on level 2 of the Dungeon.
             The game lasted 00:02:36 (2781 turns).

Newt the Trooper (Demonspawn Gladiator)             Turns: 2781, Time: 00:02:37

Health: 0/42       AC:  4    Str: 17    XL:     5   Next: 79%
Magic:  5/5        EV: 13    Int:  9    God:
Gold:   57         SH:  0    Dex: 14    Spells: 4/4 levels left

rFire   . . .      SeeInvis .    a - +0 rapier
rCold   . . .      Faith    .    (no shield)
rNeg    . . .      Spirit   .    b - +0 leather armour
rPois   .          Reflect  .    c - +0 helmet
rElec   .          Harm     .    (no cloak)
rCorr   .          Rampage  .    (no gloves)
Will    .....                    (no boots)
Stlth   ++........               (no amulet)
HPRegen 0.14/turn                (no ring)
MPRegen 0.09/turn                (no ring)

@: brilliant, lethally poisoned (0 -> -10)
A: powered by pain 1, spiny 1
a: no special abilities


You were on level 2 of the Dungeon.
You visited 1 branch of the dungeon, and saw 2 of its levels.

You collected 57 gold pieces.

Inventory:

Hand Weapons
 a - a +0 rapier (weapon)
Missiles
 i - 18 stones (quivered)
Armour
 b - a +0 leather armour (worn)
 c - a +0 helmet (worn)
Scrolls
 f - a scroll of enchant weapon {unknown}
 h - a scroll of blinking {unknown}


   Skills:
 - Level 4.0 Fighting
 - Level 2.6 Short Blades
 - Level 1.7 Throwing
 + Level 2.0 Armour
 - Level 4.0 Dodging
 - Level 2.0 Stealth


You had 4 spell levels left.
You didn't know any spells.
Your spell library contained the following spells:

 Spells                   Type           Power      Damage    Failure   Level
 Gell's Gravitas          Tloc           0%         N/A       82%         3
 Teleport Other           Tloc           0%         N/A       82%         3
 Dispersal                Tloc           0%         N/A       100%        6


Dungeon Overview and Level Annotations

Branches:
Dungeon (2/15)

Altars:
Nemelex Xobeh


Innate Abilities, Weirdness & Mutations

You sometimes gain a little power by taking damage.
You are partially covered in sharp spines.


Message History

You feel very sick.
The gnoll bouda struggles against the net. x2
You hit the gnoll bouda.
The gnoll bouda is severely wounded.
You feel very sick.
The gnoll bouda struggles against the net.
You hit the gnoll bouda but do no damage.
The gnoll bouda is severely wounded.
* * * LOW HITPOINT WARNING * * *
You feel very sick.
The gnoll bouda prays to its god.
The gnoll bouda is healed somewhat.
The gnoll bouda struggles against the net.
Okay, then.
You hit the gnoll bouda but do no damage.
The gnoll bouda is heavily wounded.
* * * LOW HITPOINT WARNING * * *
You feel very sick.
Unknown command.
It was a potion of curing.
You feel better.
The gnoll bouda struggles against the net.
Unknown command.
You hit the gnoll bouda.
The gnoll bouda is severely wounded.
The gnoll bouda struggles against the net.
The net rips apart, and the gnoll bouda comes free!
You hit the gnoll bouda but do no damage.
The gnoll bouda is severely wounded.
The gnoll bouda closely misses you.
You hit the gnoll bouda but do no damage.
The gnoll bouda is severely wounded.
The gnoll bouda hits you with a +0 dagger of venom.
* * * LOW HITPOINT WARNING * * *
You are lethally poisoned!
It was a potion of brilliance.
You feel clever all of a sudden.
* * * LOW HITPOINT WARNING * * *
You feel very sick.
The gnoll bouda hits you with a +0 dagger of venom!
You die...

.# ###[#...... #.K .....##..
####.# #########.#.##.# #....[ .
..........##.# #.##.# .#
#..###......# #
#.##.##.#####........##.### ##
#.##.......##...........#.######.
g.)........##..##.##.#...#......#
..##.####......[@.##.#..###....#.
#....g.##.#.##.g....(#.## ##..###
###.##.!..# #........#..###....#.
#.##.8.##.....######...#.#..#.#
#.#....##.....# #...........
###.#(##....#...# ##....##.###
.....(####.##...# ####.......###
...#.......##...####..........##.
......#...............#....#<###.


You could see a gnoll bouda.

Vanquished Creatures
  Sigmund (D:2)
  3 gnolls (D:2)
  2 adders (D:2)
  A worm (D:2)
  A dart slug (D:1)
  A bat (D:1)
  An endoplasm (D:1)
  2 goblins
  5 hobgoblins
  A frilled lizard (D:2)
  2 kobolds
  A rat (D:2)
21 creatures vanquished.

Notes
Turn   | Place    | Note
-------+----------+-------------------------------------------
     0 | D:1      | Newt the Demonspawn Gladiator began the quest for the Orb.
     0 | D:1      | Reached XP level 1. HP: 16/16 MP: 1/1
   221 | D:1      | Found a faded altar of an unknown god.
   232 | D:1      | Reached skill level 1 in Stealth
   915 | D:1      | Gained mutation: You sometimes gain a little power by
                  | taking damage. [demonic ancestry]
   915 | D:1      | Reached XP level 2. HP: 22/22 MP: 2/2
  1579 | D:2      | Found a sparkling altar of Nemelex Xobeh.
  1668 | D:2      | Reached XP level 3. HP: 5/28 MP: 3/3
  1671 | D:2      | HP: 1/28 [poisoned by an adder]
  2232 | D:2      | Noticed Sigmund
  2258 | D:2      | Killed Sigmund
  2259 | D:2      | Reached skill level 1 in Armour
  2259 | D:2      | Reached XP level 4. HP: 14/37 MP: 4/4
  2259 | D:2      | Gained mutation: You are partially covered in sharp spines.
                  | [demonic ancestry]
  2259 | D:2      | Reached XP level 5. HP: 16/42 MP: 5/5
  2781 | D:2      | Slain by a gnoll bouda

Illustrated notes

Levels and vault maps discovered:
D:1:      eino_arrival_water_star, layout_loops_ring,
          ebering_ecumenical_altar_webs
D:2:      layout_loops_cross, basic_altar, minmay_hexomino_p4, uniq_sigmund,
          uniq_crazy_yiuf_cottage

Skill      XL: |  1  2  3  4  5 |
---------------+----------------+-----
Stealth        | 1 2 |  2.0
Fighting       | 4 |  4.0
Dodging        | 4 |  4.0
Armour         | 1 2 |  2.0
Short Blades   | |  2.6
Throwing       | |  1.7

Action                   |  1- 3 |  4- 6 || total
-------------------------+-------+-------++-------
Melee: Rapier            |   101 |    12 ||   113
Throw: Javelin           |     1 |       ||     1
       Dart              |     9 |       ||     9
       Throwing net      |     2 |     1 ||     3
  Use: Scroll            |     1 |       ||     1
       Potion            |       |     2 ||     2
 Stab: Invisible         |     4 |       ||     4
       Held in net/web   |     1 |       ||     1
Armor: Leather armour    |    23 |     1 ||    24
Dodge: Dodged            |    68 |     5 ||    73

Table legend: (Time is in decaauts)
 A = Elapsed time spent in this place.
 B = Non-inter-level travel time spent in this place.
 C = Inter-level travel time spent in this place.
 D = Time resting spent in this place.
 E = Time spent auto-exploring this place.
 F = Levels seen in this place.
 G = Mean time per level.
                   A        B        C        D        E       F      G
               +--------+--------+--------+--------+--------+-----+--------+
         Total |   2789 |   2590 |    199 |   1255 |   1068 |   2 | 1394.5 |
       Dungeon |   2789 |   2590 |    199 |   1255 |   1068 |   2 | 1394.5 |
               +--------+--------+--------+--------+--------+-----+--------+

Top non-repeatable levels by time:
     D:2: 1425 daAuts
     D:1: 1364 daAuts
